 Dungeon Crawl Stone Soup version 0.32-a0-960-g3814254bd7 (webtiles) character file.

Game seed: 3125833915185950809

349 trashops the Chopper (level 6, -9/46 (53) HPs)
             Began as a Mountain Dwarf Fighter on Apr 17, 2024.
             Mangled by a wight
             ... wielding a +0 halberd
              (11 damage)
             ... on level 5 of the Dungeon.
             The game lasted 00:04:21 (3806 turns).

trashops the Chopper (Mountain Dwarf Fighter)       Turns: 3806, Time: 00:04:22

HP:   -9/46 (53)    AC:  8    Str: 21    XL:     6   Next: 33%
MP:   6/6           EV:  8    Int:  8    God:
Gold: 116           SH:  4    Dex:  9    Spells: 5/5 levels left

rFire   . . .        a - +2 war axe (freeze)
rCold   . . .        c - +0 buckler
rNeg    . . .        b - +1 scale mail
rPois   .            (no helmet)
rElec   .            (no cloak)
rCorr   .            (no gloves)
SInv    .            (no boots)
Will    .....        (no amulet) Stlth
                     (no ring)
HPRegen 0.27/turn    (no ring)
MPRegen 0.10/turn

%: no passive effects
@: mighty, hasted, heavily drained, very quick
A: runic magic, artefact enchanting
a: no special abilities


You were on level 5 of the Dungeon.
You visited 1 branch of the dungeon, and saw 5 of its levels.

You collected 116 gold pieces.

Inventory:

Hand Weapons
 a - a +2 war axe of freezing (weapon)
Missiles
 e - a throwing net (quivered)
Armour
 b - a +1 scale mail (worn)
 c - a +0 buckler (worn)
Jewellery
 q - an amulet of the acrobat
Wands
 s - a wand of polymorph (9)
Scrolls
 f - a scroll of fog {unknown}
 g - a scroll of blinking {unknown}
 i - a scroll of poison
Potions
 d - a potion of might
 h - a potion of brilliance {unknown}
 j - a potion of cancellation
 k - a potion of haste
 r - a potion of lignification


   Skills:
 * Level 4.7 Fighting
 * Level 6.0 Axes
 * Level 4.7 Armour
 + Level 3.5 Shields


You had 5 spell levels left.
You didn't know any spells.
Your spell library contained the following spells:

 Spells                   Type           Power      Damage    Failure   Level
 Sandblast                Erth           0%         2d4       56%         1
 Summon Small Mammal      Summ           0%         N/A       56%         1
 Ensorcelled Hibernation  Hex/Ice        0%         N/A       71%         2
 Call Canine Familiar     Summ           0%         N/A       90%         3
 Passwall                 Erth           0%         N/A       90%         3
 Stone Arrow              Conj/Erth      0%         3d7       90%         3
 Swiftness                Air            0%         N/A       90%         3
 Summon Blazeheart Golem  Fire/Summ      0%         N/A       100%        4


Dungeon Overview and Level Annotations

Branches:
Dungeon (5/15)
 Temple: D:4-7

Altars:
Ashenzari
Cheibriados
Ru

Shops:
D:4 (


Innate Abilities, Weirdness & Mutations

Your spellcasting is much less encumbered by armour.
You can use scrolls of enchantment on lesser artefacts.


Message History

You block the wight's attack.
You barely miss the wight.
The wight is lightly damaged.
The wight closely misses you. The wight hits you with a +0 halberd.
* * * LOW HITPOINT WARNING * * *
You feel drained.
You feel yourself speed up. The wight barely misses you.
You hit the wight but do no damage.
The wight is lightly damaged.
The wight hits you with a +0 halberd!
* * * LOW HITPOINT WARNING * * *
You slash the wight!
The wight is heavily damaged.
The wight barely misses you.
You feel better.
You feel better. The wight hits you with a +0 halberd.
You hit the wight.
The wight is severely damaged.
The wight hits you with a +0 halberd.
* * * LOW HITPOINT WARNING * * *
You feel drained.
* * * LOW HITPOINT WARNING * * *
You completely miss the wight.
The wight is severely damaged.
The wight hits you with a +0 halberd!
* * * LOW HITPOINT WARNING * * *
You feel drained.
* * * LOW HITPOINT WARNING * * *
You closely miss the wight.
The wight is heavily damaged.
You hit the wight.
The wight is severely damaged.
You block the wight's attack.
You feel very mighty all of a sudden. The wight hits you with a +0 halberd.
* * * LOW HITPOINT WARNING * * *
You barely miss the wight.
The wight is severely damaged.
The wight hits you with a +0 halberd!
You die...

#### ##... #....
####### ...##
##.....### #z.#
##........###
#.@####...........#
##..................
#...........<.......
.......................
######....(............
#..................
#..................
#...................
....................


You could see a wight.

Vanquished Creatures
  A scorpion (D:5)
  A howler monkey (D:3)
  A jelly (D:4)
  A bombardier beetle (D:4)
  A hound (D:4)
  Jessica (D:2)
  An adder (D:4)
  4 gnolls (D:4)
  5 dart slugs
  A ribbon worm (D:2)
  An orc (D:5)
  5 bats
  6 endoplasms
  3 giant cockroaches
  5 goblins
  8 hobgoblins
  10 kobolds
  2 quokkas
  4 ball pythons
  A frilled lizard (D:3)
  7 rats
69 creatures vanquished.

Notes
Turn   | Place    | Note
-------+----------+-------------------------------------------
     0 | D:1      | trashops the Mountain Dwarf Fighter began the quest for the
                  | Orb.
     0 | D:1      | Reached XP level 1. HP: 19/19 MP: 1/1
   123 | D:1      | Reached XP level 2. HP: 24/26 MP: 2/2
   901 | D:1      | Reached skill level 3 in Axes
   947 | D:1      | Reached XP level 3. HP: 22/33 MP: 3/3
  1187 | D:2      | Identified the +8 sling of Xizun {freeze, rF+ Str+2 Dex+3
                  | Stlth+}
  1454 | D:2      | Noticed Jessica
  1460 | D:2      | Killed Jessica
  1900 | D:3      | Reached skill level 4 in Axes
  1900 | D:3      | Reached XP level 4. HP: 36/40 MP: 4/4
  2186 | D:3      | Found a faded altar of an unknown god.
  2495 | D:3      | Found a faded altar of an unknown god.
  2495 | D:3      | Found a faded altar of an unknown god.
  2503 | D:3      | Found a sacrificial altar of Ru.
  2505 | D:3      | Found a broken altar of Ashenzari.
  2507 | D:3      | Found a snail-covered altar of Cheibriados.
  2801 | D:4      | Reached XP level 5. HP: 45/46 MP: 5/5
  2815 | D:4      | Reached skill level 5 in Axes
  3020 | D:4      | Identified the beast talisman of the Dice {Str+4}
  3059 | D:4      | Found Tyshreziac's Antique Weapon Shop.
  3335 | D:4      | Reached XP level 6. HP: 38/53 MP: 6/6
  3725 | D:5      | Entered Level 5 of the Dungeon
  3792 | D:5      | Reached skill level 6 in Axes
  3802 | D:5      | HP: 2/46 [wight/+0 halberd (1)]
  3806 | D:5      | Mangled by a wight

Illustrated notes

Levels and vault maps discovered:
D:1:      ldierk_walled_garden, layout_basic
D:2:      layout_loops_ring, nicolae_figureground_pulse, uniq_jessica
D:3:      layout_loops_ring, chequers_temple_overflow_minitemple,
          ebering_ecumenical_altar_petrified, minmay_checkerbox
D:4:      layout_loops_corners, serial_shops, shop
D:5:      layout_layer_cave, temple_fountains, kennysheep_nub, uniq_pikel

Skill      XL: |  1  2  3  4  5  6 |
---------------+-------------------+-----
Axes           | 3 4 5 6 |  6.0
Fighting       | 4 |  4.7
Armour         | 4 |  4.7
Shields        | |  3.5

Action                     |  1- 3 |  4- 6 || total
---------------------------+-------+-------++-------
  Melee: War axe           |    90 |   117 ||   207
    Use: Scroll            |       |    13 ||    13
         Potion            |       |     5 ||     5
 Armour: Scale mail        |    61 |    94 ||   155
  Dodge: Dodged            |    33 |    39 ||    72
  Block: Buckler           |    22 |    18 ||    40

Table legend: (Time is in decaauts)
 A = Elapsed time spent in this place.
 B = Non-inter-level travel time spent in this place.
 C = Inter-level travel time spent in this place.
 D = Time resting spent in this place.
 E = Time spent auto-exploring this place.
 F = Levels seen in this place.
 G = Mean time per level.
                   A        B        C        D        E       F      G
               +--------+--------+--------+--------+--------+-----+--------+
         Total |   3878 |   3735 |    143 |     24 |   3152 |   5 |  775.6 |
       Dungeon |   3878 |   3735 |    143 |     24 |   3152 |   5 |  775.6 |
               +--------+--------+--------+--------+--------+-----+--------+

Top non-repeatable levels by time:
     D:1: 1162 daAuts
     D:4: 1040 daAuts
     D:3: 832 daAuts
     D:2: 761 daAuts
     D:5: 82 daAuts
